 Dungeon Crawl Stone Soup version 0.20.0 (webtiles) character file.

365 FakerFangirl the Cudgeler (level 6, -2/53 HPs)
             Began as a Draconian Fighter on May 26, 2017.
             Slain by Ijyb
             ... wielding a +1 dagger of electrocution
              (5 damage)
             ... on level 3 of the Dungeon.
             The game lasted 00:03:30 (3007 turns).

FakerFangirl the Cudgeler (Draconian Fighter)       Turns: 3007, Time: 00:03:31

Health: -2/53      AC:  9    Str: 19    XL:     6   Next: 40%
Magic:  6/6        EV: 10    Int:  8    God:
Gold:   130        SH:  9    Dex: 12    Spells: 5/5 levels left

rFire    . . .     SeeInvis .   Y - +0 flail
rCold    . . .     Gourm    .   b - +0 shield
rNeg     . . .     Faith    .   (armour unavailable)
rPois    .         Spirit   .   (helmet restricted)
rElec    .         Reflect  .   l - +1 cloak
rCorr    .         Harm     .   (no gloves)
MR       .....                  i - +0 pair of boots
Stlth    +.........             (no amulet)
Regen    0.2/turn               (no ring)
MPRegen  0.1/turn               (no ring)

@: about to teleport
A: unfitting armour, cold-blooded, AC +6
a: no special abilities


You were on level 3 of the Dungeon.
You were not hungry.

You visited 1 branch of the dungeon, and saw 3 of its levels.

You collected 130 gold pieces.


Innate Abilities, Weirdness & Mutations

Your plain brown scales are hard. (AC +6)
You cannot fit into any form of body armour.
You are cold-blooded and may be slowed by cold attacks.


   Skills:
 - Level 4.6 Fighting
 + Level 6.2 Maces & Flails
 - Level 2.6 Dodging
 - Level 3.0 Shields


You had 5 spell levels left.
You didn't know any spells.

Inventory:

Hand Weapons
 Y - a +0 flail (weapon)
Armour
 b - a +0 shield (worn)
 i - a +0 pair of boots (worn)
 l - a +1 cloak (worn)
Scrolls
 o - a scroll of remove curse {unknown}
 q - a scroll of identify
Potions
 c - 2 potions of might
 f - a potion of heal wounds {unknown}
 h - a potion of resistance {unknown}
 j - a potion of curing
 m - a potion of cancellation {unknown}
 p - a potion of magic {unknown}
Comestibles
 a - 3 chunks of flesh
 d - 3 bread rations
 e - a royal jelly
 g - 6 fruits
 n - 2 meat rations

Dungeon Overview and Level Annotations

Branches:
Dungeon (3/15)

Altars:
Elyvilon
Gozag
Okawaru
Trog

Annotations:
D:3 Ijyb


Message History

Ijyb is moderately wounded.
Ijyb screams, "I dance on your bones!" Ijyb hits you but does no damage.
You are electrocuted!
You closely miss Ijyb.
Ijyb is moderately wounded.
You block Ijyb's attack.
You hit Ijyb.
Your tail-slap misses Ijyb.
Ijyb is moderately wounded.
Ijyb barely misses you.
An adder comes into view.
You barely miss Ijyb. You tail-slap Ijyb, but do no damage.
Ijyb is moderately wounded.
Ijyb hits you with a dagger of electrocution.
You are electrocuted!
3007 ||| READING scroll of teleportation.
As you read the scroll of teleportation, it crumbles to dust.
You feel strangely unstable. You block the adder's attack.
Ijyb hits you with a dagger of electrocution.
You die...

# .# ###. ##.##
#...##...##
#..##.....##### #
+..#.......#.. #.
#......_.....# . ..
#..#.......#
....#.#S.##.....########
...>.sg@..##...##.......
......#....##.##........
......#######.##........
..... #........... ....
####........ ....
#........ . ..........
............
.............


You could see Ijyb, an adder and a giant cockroach.

Vanquished Creatures
  The ghost of azarias the Shooter, an amateur CeAM (D:3)
  Terence (D:3)
  Natasha (thrice) (D:2)
  3 gnolls (D:2)
  8 adders
  A worm (D:3)
  5 dart slugs
  4 leopard geckos
  3 orcs (D:3)
  A ball python (D:1)
  6 giant cockroaches
  4 goblins
  3 hobgoblins
  3 jackals (D:3)
  7 kobolds
  A quokka (D:2)
  6 bats
  6 frilled lizards
  8 rats
74 creatures vanquished.

Notes
Turn   | Place    | Note
-------+----------+-------------------------------------------
     0 | D:1      | FakerFangirl the Draconian Fighter began the quest for the Orb.
     0 | D:1      | Reached XP level 1. HP: 19/19 MP: 1/1
     0 | D:1      | 0 ||| counter = 59
   185 | D:1      | Reached XP level 2. HP: 20/26 MP: 2/2
   465 | D:1      | Reached skill level 3 in Maces & Flails
   815 | D:1      | 815 ||| UPGRADING to pair of boots.
   820 | D:1      | 820 ||| UPGRADING to glowing cloak.
   825 | D:1      | 825 ||| READING scroll labeled BIENGU BUNTY.
   829 | D:1      | 829 ||| READING scroll labeled EXASUZX EK KINT.
   975 | D:2      | Reached XP level 3. HP: 22/31 MP: 3/3
  1086 | D:2      | Noticed Natasha
  1101 | D:2      | Killed Natasha
  1101 | D:2      | Reached skill level 4 in Maces & Flails
  1279 | D:2      | Noticed Natasha
  1286 | D:2      | Killed Natasha
  1286 | D:2      | Reached XP level 4. HP: 22/38 MP: 4/4
  1343 | D:2      | Noticed Natasha
  1357 | D:2      | Killed Natasha
  1357 | D:2      | Reached skill level 5 in Maces & Flails
  1457 | D:2      | Reached XP level 5. HP: 18/45 MP: 5/5
  1608 | D:2      | 1608 ||| EATING 2 royal jellies.
  2027 | D:2      | Found an iron altar of Okawaru.
  2077 | D:2      | Found a white marble altar of Elyvilon.
  2310 | D:2      | Reached skill level 6 in Maces & Flails
  2364 | D:2      | Found a bloodstained altar of Trog.
  2448 | D:2      | 2448 ||| READING scroll labeled JOEVVE MODGHU.
  2449 | D:2      | 2449 ||| READING scroll labeled MAUNOS SOCKEU.
  2450 | D:2      | 2450 ||| DRINKING 2 fuming amethyst potions.
  2599 | D:3      | 2599 ||| Stepping ~*~*~tactically~*~*~ (outnumbered).
  2600 | D:3      | 2600 ||| Stepping ~*~*~tactically~*~*~ (outnumbered).
  2602 | D:3      | 2602 ||| Stepping ~*~*~tactically~*~*~ (outnumbered).
  2692 | D:3      | 2692 ||| Stepping ~*~*~tactically~*~*~ (outnumbered).
  2768 | D:3      | Noticed azarias's ghost (amateur CeAM)
  2783 | D:3      | Killed azarias's ghost
  2783 | D:3      | Reached XP level 6. HP: 36/53 MP: 6/6
  2897 | D:3      | Noticed Terence
  2963 | D:3      | Killed Terence
  2991 | D:3      | Found an opulent altar of Gozag.
  2999 | D:3      | Noticed Ijyb
  3006 | D:3      | HP: 2/53 [Ijyb/dagger of electrocution (14)]
  3007 | D:3      | 3007 ||| READING scroll of teleportation.
  3007 | D:3      | Slain by Ijyb

Vault maps used:
D:1:      zaba_arrival_water, hangedman_decor_clover_reticule
D:2:      lemuel_doored_altar, nicolae_overflow_crystal_walls,
          trog_three_pillars_becter, uniq_natasha
D:3:      tso_oasis_becter, lemuel_round_altar, first_bread,
          grunt_dithmenos_smoke, uniq_terence, uniq_ijyb

Skill      XL: |  1  2  3  4  5 |
---------------+----------------+-----
Maces & Flails | 3 4 5 6 |  6.2
Fighting       | 4 |  4.6
Dodging        | |  2.6
Shields        | |  3.0

Action                   |  1- 3 |  4- 6 || total
-------------------------+-------+-------++-------
Melee: Flail             |    54 |   206 ||   260
       Tailslap          |    10 |    20 ||    30
Throw: Tomahawk          |       |     1 ||     1
  Use: Scroll            |     2 |     3 ||     5
       Potion            |       |     1 ||     1
 Stab: Distracted        |       |     1 ||     1
  Eat: Chunk             |     1 |     4 ||     5
       Royal jelly       |       |     1 ||     1
Armor: Skin              |    14 |    88 ||   102
Dodge: Dodged            |    21 |   110 ||   131
Block: Shield            |    15 |   123 ||   138
